 Dungeon Crawl Stone Soup version 0.29-a0-813-g4a14ea37d6 (webtiles) character file.

Game seed: 7822574427900192733

169 gobodom the Magician (level 5, 0/36 HPs)
             Began as a Djinni Hedge Wizard on July 4, 2022.
             Slain by an adder (1 damage)
             ... on level 4 of the Dungeon.
             The game lasted 00:09:42 (4158 turns).

gobodom the Magician (Djinni Hedge Wizard)          Turns: 4158, Time: 00:09:44

Health: 0/36       AC:  3    Str: 11    XL:     5   Next: 79%
Gold:   178        EV: 12    Int: 16    God:
                   SH:  0    Dex: 12

rFire   + + .      SeeInvis .   i - +0 short sword (protect)
rCold   x . .      Faith    .   (no shield)
rNeg    . . .      Spirit   .   e - +1 robe {Will+}
rPois   ∞          Reflect  .   c - +0 hat
rElec   .          Harm     .   (no cloak)
rCorr   .          Rampage  .   (no gloves)
Will    +....                   (boots unavailable)
Stlth   ++........              (no amulet)
HPRegen 0.12/turn               (no ring)
MPRegen 0.00/turn               (no ring)

@: flying
A: sickness immunity, fire resistance 2, cold vulnerability 1, float, innate
caster, HP casting, extra vitality 1
a: no special abilities


You were on level 4 of the Dungeon.
You visited 1 branch of the dungeon, and saw 4 of its levels.

You collected 178 gold pieces.

Inventory:

Hand Weapons
 a - a +1 vorpal flail
 i - a +0 short sword of protection (weapon)
 m - a +0 dagger of holy wrath
Armour
 c - a +0 hat (worn)
 e - a +1 robe of willpower (worn)
Scrolls
 b - a scroll of amnesia {unknown}
 d - a scroll of teleportation {unknown}
 f - a scroll of immolation {unknown}
 k - a scroll of poison {unknown}
Potions
 g - a potion of haste
 j - a potion of invisibility


   Skills:
 + Level 0.5 Fighting
 + Level 0.4 Short Blades
 + Level 2.6 Dodging
 + Level 2.4 Stealth
 + Level 4.1 Spellcasting


You couldn't memorise any spells.
You knew the following spells:

 Your Spells              Type           Power      Damage    Failure   Level
a - Magic Dart            Conj           64%        1d6       3%          1
b - Blink                 Tloc           32%        N/A       4%          2
c - Call Imp              Summ           16%        N/A       4%          2
d - Slow                  Hex            64%        N/A       3%          1
e - Conjure Flame         Conj/Fire      16%        6-21      10%         3
f - Mephitic Cloud        Conj/Pois/Air  16%        N/A       10%         3
g - Sting                 Tmut/Pois      64%        1d6       3%          1
h - Ensorcelled Hibernat  Hex/Ice        32%        N/A       4%          2
Your spell library was empty.

Dungeon Overview and Level Annotations

Branches:
Dungeon (4/15)
 Temple: D:4-7

Altars:


Innate Abilities, Weirdness & Mutations

You are immune to sickness and miasma.
You are immune to poison.
Your flesh is very heat resistant. (rF++)
You are vulnerable to cold. (rC-)
You float through the air rather than walking.
You learn spells naturally, not from books.
Your magical power is your life essence.
You have superior vitality. (+4 MHP)


Message History

Confirm with . or Enter, or press ? or * to list all spells.
You blink.
Found a mace.
* * * LOW HITPOINT WARNING * * *
The hobgoblin hits you.
* * * LOW HITPOINT WARNING * * *
The hobgoblin attacks as you move away!
The hobgoblin hits you but does no damage.
Casting: Blink (safe; 4% risk of failure)
Confirm with . or Enter, or press ? or * to list all spells.
You are still too unstable to blink.
The hobgoblin attacks as you move away! The hobgoblin closely misses you.
You feel stable enough to blink again.
There is an open door here.
The adder attacks as you move away! The adder misses you.
Casting: Blink (safe; 4% risk of failure)
Confirm with . or Enter, or press ? or * to list all spells.
You blink.
* * * LOW HITPOINT WARNING * * *
You feel stable enough to blink again. The adder attacks as you move away!
The adder misses you. The adder attacks as you move away! The adder misses you.
The adder misses you.
Casting: Blink (safe; 4% risk of failure)
Confirm with . or Enter, or press ? or * to list all spells.
Aiming: Ensorcelled Hibernation (safe; 4% risk of failure)
Press: ? - help, Shift-Dir - straight line, f/p - adder
Aim: an adder (chance to affect: 58%)
The adder resists with significant effort.
* * * LOW HITPOINT WARNING * * *
The adder closely misses you. The adder closely misses you.
Casting: Ensorcelled Hibernation (safe; 4% risk of failure)
Confirm with . or Enter, or press ? or * to list all spells.
Aiming: Ensorcelled Hibernation (safe; 4% risk of failure)
Press: ? - help, Shift-Dir - straight line, f/p - adder
Aim: an adder (chance to affect: 58%)
The adder resists with significant effort.
* * * LOW HITPOINT WARNING * * *
The adder barely misses you. The adder bites you.
You die...

...#
...#############
...##..........#
...##..........#
.g.##..........#
g..##.[........#
'####..........# #
.####..........###.#
.........[..g.gS@..#
####...........#####
#...........#
#.#####.....# #.#
#.##### #.# #.# #.#
#.# #.. #.### ###
#...#


You could see a gnoll, an adder and a hobgoblin.

Vanquished Creatures
  An orc wizard (D:3)
  A gnoll (D:4)
  4 adders
  3 dart slugs
  2 orcs (D:3)
  9 ball pythons
  5 endoplasms
  6 giant cockroaches
  2 goblins (D:1)
  8 hobgoblins
  4 jackals (D:2)
  4 kobolds
  A quokka (D:2)
  5 bats
  3 frilled lizards
  4 rats
62 creatures vanquished.

Vanquished Creatures (collateral kills)
  An orc wizard (D:3)
  An orc (D:3)
2 creatures vanquished.

Grand Total: 64 creatures vanquished

Notes
Turn   | Place    | Note
-------+----------+-------------------------------------------
     0 | D:1      | gobodom the Djinni Hedge Wizard began the quest for the
                  | Orb.
     0 | D:1      | gobodom set off with the following spells memorised: Magic
                  | Dart, Blink, Call Imp, Slow, Conjure Flame, Mephitic Cloud.
     0 | D:1      | Reached XP level 1. HP: 15/15 MP: 0/0
   247 | D:1      | Reached XP level 2. HP: 15/21 MP: 0/0
   738 | D:1      | Found a faded altar of an unknown god.
   781 | D:1      | Reached XP level 3. HP: 24/25 MP: 0/0
   781 | D:1      | Learned a level 1 spell: Sting
   795 | D:1      | Reached skill level 3 in Spellcasting
  1612 | D:2      | Reached XP level 4. HP: 24/31 MP: 0/0
  2599 | D:3      | Reached XP level 5. HP: 30/36 MP: 0/0
  2599 | D:3      | Learned a level 2 spell: Ensorcelled Hibernation
  2646 | D:3      | HP: 1/36 [something/magic dart (9)]
  3446 | D:3      | Reached skill level 4 in Spellcasting
  4158 | D:4      | Slain by an adder

Illustrated notes

Levels and vault maps discovered:
D:1:      amcnicky_arrival_abandoned_market, layout_rooms,
          basic_ecumenical_altar
D:2:      layout_basic
D:3:      layout_loops_ring
D:4:      layout_basic, minmay_statues_item

Skill      XL: |  1  2  3  4  5 |
---------------+----------------+-----
Stealth        | 2 |  2.4
Spellcasting   | 3 4 |  4.1
Fighting       | |  0.5
Short Blades   | |  0.4
Dodging        | |  2.6

Action                   |  1- 3 |  4- 6 || total
-------------------------+-------+-------++-------
Melee: Dagger            |     1 |     8 ||     9
       Short sword       |       |    28 ||    28
 Cast: Magic Dart        |    78 |    82 ||   160
       Call Imp          |       |     1 ||     1
       Ensorcelled Hiber |       |    10 ||    10
       Blink             |       |     3 ||     3
       Sting             |       |     2 ||     2
       Slow              |       |     1 ||     1
  Use: Scroll            |       |     2 ||     2
       Potion            |       |     1 ||     1
 Stab: Sleeping          |       |     3 ||     3
Armor: Robe              |     4 |    20 ||    24
Dodge: Dodged            |    11 |    54 ||    65

Table legend: (Time is in decaauts)
 A = Elapsed time spent in this place.
 B = Non-inter-level travel time spent in this place.
 C = Inter-level travel time spent in this place.
 D = Time resting spent in this place.
 E = Time spent auto-exploring this place.
 F = Levels seen in this place.
 G = Mean time per level.
                   A        B        C        D        E       F      G
               +--------+--------+--------+--------+--------+-----+--------+
         Total |   4159 |   4119 |     40 |   1166 |   2485 |   4 | 1039.8 |
       Dungeon |   4159 |   4119 |     40 |   1166 |   2485 |   4 | 1039.8 |
               +--------+--------+--------+--------+--------+-----+--------+

Top non-repeatable levels by time:
     D:3: 1420 daAuts
     D:1: 1403 daAuts
     D:2: 1189 daAuts
     D:4: 146 daAuts
